 Dungeon Crawl Stone Soup version 0.28.0-45-g0d030f2227 (webtiles) character file.

Game seed: 6921662194973886368

51 Zeor the Twirler (level 3, 0/31 HPs)
             Began as a Gargoyle Gladiator on Apr 5, 2022.
             Slain by a black bear (5 damage)
             ... on level 4 of the Dungeon.
             The game lasted 00:04:55 (2382 turns).

Zeor the Twirler (Gargoyle Gladiator)               Turns: 2382, Time: 00:04:56

Health: 0/31       AC:  9    Str: 25    XL:     3   Next: 83%
Magic:  2/2        EV: 11    Int:  8    God:
Gold:   71         SH:  0    Dex: 11    Spells: 2/2 levels left

rFire   . . .      SeeInvis .   a - +0 quarterstaff
rCold   . . .      Faith    .   (shield currently unavailable)
rNeg    + + .      Spirit   .   e - +0 ring mail
rPois   ∞          Reflect  .   c - +0 helmet
rElec   +          Harm     .   (no cloak)
rCorr   .          Rampage  .   (no gloves)
Will    .....                   (no boots)
Stlth   ..........              (no amulet)
HPRegen 0.10/turn               o - +6 ring of strength
MPRegen 0.08/turn               n - ring of positive energy

@: berserking (expiring), unable to read, very quick
A: sickness immunity, AC +3, negative energy resistance 1, electricity
resistance, torment resistance 1, petrification resistance, low MP 1, wild magic
1, inability to read while threatened
a: no special abilities


You were on level 4 of the Dungeon.
You visited 1 branch of the dungeon, and saw 4 of its levels.

You collected 71 gold pieces.

Inventory:

Hand Weapons
 a - a +0 quarterstaff (weapon)
Missiles
 b - 13 bolts
 d - 3 throwing nets (quivered)
 f - 61 arrows
Armour
 c - a +0 helmet (worn)
 e - a +0 ring mail (worn)
Jewellery
 h - a +6 ring of dexterity
 n - a ring of positive energy (right hand)
 o - a +6 ring of strength (left hand)
Scrolls
 m - a scroll of teleportation
Potions
 g - 4 potions of curing
 i - 3 potions of heal wounds
 j - a potion of mutation
 l - a potion of brilliance


   Skills:
 + Level 2.3 Fighting
 + Level 4.0 Staves
 + Level 1.7 Throwing
 * Level 1.3 Armour
 + Level 2.6 Dodging
 + Level 0.2 Stealth


You had 2 spell levels left.
You didn't know any spells.
Your spell library was empty.

Dungeon Overview and Level Annotations

Branches:
Dungeon (4/15)
 Temple: D:4-7

Altars:

Shops:
D:1 !


Innate Abilities, Weirdness & Mutations

You are immune to sickness and miasma.
Your stone body is resilient. (AC +3)
You are immune to poison.
You resist negative energy. (rN+)
You are resistant to electric shocks. (rElec)
You are resistant to unholy torment.
You are immune to petrification.
Your magical capacity is low. (-10% MP)
Your spells are a little harder to cast, but a little more powerful.
You sometimes lose the ability to read scrolls when taking damage.


Message History

You sock the adder!
You kill the adder!
Your Armour skill increases to level 1!
You hit the black bear but do no damage.
The black bear bites you!
The black bear claws you but does no damage.
The black bear claws you.
You feel threatened and lose the ability to read scrolls!
You barely miss the black bear. The black bear closely misses you. x3
You sock the black bear!
The black bear is heavily wounded.
You completely miss the black bear.
The black bear is heavily wounded.
You can read scrolls again.
The black bear bites you but does no damage.
The black bear barely misses you. The black bear claws you.
You feel threatened and lose the ability to read scrolls!
You closely miss the black bear.
The black bear is heavily wounded.
The black bear barely misses you. The black bear closely misses you.
The black bear claws you.
You are too injured to fight recklessly!
You are too injured to fight recklessly!
You sock the black bear!
The black bear is severely wounded.
You can read scrolls again.
You barely miss the black bear.
The black bear is severely wounded.
The black bear goes berserk!
You closely miss the black bear.
The black bear is severely wounded.
The black bear bites you!
You feel threatened and lose the ability to read scrolls!
* * * LOW HITPOINT WARNING * * *
The black bear barely misses you.
The black bear claws you but does no damage.
You barely miss the black bear.
The black bear is severely wounded.
The black bear misses you. The black bear claws you.
You die...

▒∙▒▒▒▒▒▒▒
▒∙∙∙∙∙∙∙▒ ▒9▒ ∙▒
▒▒▒▒▒▒▒▒▒h▒▒▒∙$▒
▒∙∙∙∙∙∙∙Jww∙w∙∙▒
∙∙∙∙∙∙∙∙∙K∙∙▒▒∙▒
∙J▒∙∙∙∙∙∙∙∙∙∙∙▒
▒∙∙∙∙∙∙∙∙∙∙∙▒
▒∙∙∙∙∙∙∙∙∙∙∙∙<▒
▒∙▒∙∙∙∙∙∙((∙∙▒▒
▒ ▒∙∙∙∙∙∙∙∙∙∙▒


You could see a black bear (berserk), a worm, a jelly, a dart slug and a kobold.

Vanquished Creatures
  2 adders
  A bat (D:1)
  7 endoplasms
  3 giant cockroaches (D:1)
  4 goblins
  A hobgoblin (D:2)
  6 ball pythons
  3 frilled lizards
  2 kobolds
  2 rats (D:1)
31 creatures vanquished.

Notes
Turn   | Place    | Note
-------+----------+-------------------------------------------
     0 | D:1      | Zeor the Gargoyle Gladiator began the quest for the Orb.
     0 | D:1      | Reached XP level 1. HP: 12/12 MP: 1/1
   171 | D:1      | Found Emuepp's Distillery.
   232 | D:1      | Reached XP level 2. HP: 14/17 MP: 2/2
  1442 | D:2      | Reached XP level 3. HP: 21/21 MP: 3/3
  1883 | D:2      | Reached skill level 4 in Staves
  2316 | D:3      | Found a faded altar of an unknown god.
  2365 | D:3      | You fall into a shaft and drop 1 floor!
  2365 | D:4      | Noticed a black bear
  2370 | D:4      | Gained mutation: Your magical capacity is low. (-10% MP)
                  | [potion of mutation]
  2370 | D:4      | Gained mutation: You sometimes lose the ability to read
                  | scrolls when taking damage. [potion of mutation]
  2370 | D:4      | Gained mutation: Your spells are a little harder to cast,
                  | but a little more powerful. [potion of mutation]
  2374 | D:4      | Reached skill level 1 in Armour
  2382 | D:4      | Slain by a black bear

Illustrated notes

Levels and vault maps discovered:
D:1:      shiori_shiawase, layout_basic, serial_shops, nicolae_diamond_shop,
          minmay_crystal_room, minivault_27, minmay_door_square,
          minmay_misc_feat_rows, dk_noncrumbling_3
D:2:      layout_loops_corners
D:3:      layout_basic, dreamdust_ecumenical_altar_angels_and_demons,
          chequers_garden, uniq_crazy_yiuf_cottage, uniq_jessica
D:4:      layout_loops_ring, minmay_temple_entry_glass

Skill      XL: |  1  2  3 |
---------------+----------+-----
Staves         | 4 |  4.0
Armour         | 1 |  1.3
Fighting       | |  2.3
Throwing       | |  1.7
Dodging        | |  2.6
Stealth        | |  0.2

Action                   || total
-------------------------++-------
Melee: Quarterstaff      ||    92
  Use: Scroll            ||     7
       Potion            ||     2
Armor: Ring mail         ||    31
       Leather armour    ||     2
Dodge: Dodged            ||    53
